 Dungeon Crawl Stone Soup version 0.31-a0-627-gd65175cf8b (webtiles) character file.

Game seed: 6810657009601015871

8 Essalna the Ruffian (level 2, 21/21 HPs)
             Began as a Demonspawn Shapeshifter on Aug 25, 2023.
             Got out of the dungeon alive.
             The game lasted 00:00:35 (473 turns).

Essalna the Ruffian (Demonspawn Shapeshifter)        Turns: 473, Time: 00:00:35

Health: 21/21      AC:  2    Str: 15    XL:     2   Next: 0%
Magic:  2/2        EV: 12    Int:  9    God:
Gold:   38         SH:  0    Dex: 13    Spells: 1/1 levels left

rFire   . .          .
                       - Unarmed
rCold   . . .        (no shield)
rNeg    . . .        a - +0 animal skin
rPois   .            (helmet currently unavailable)
rElec   .            (cloak currently unavailable)
rCorr   .            (gloves currently unavailable)
SInv    .            (boots currently unavailable)
Will    .....        (no amulet)
Stlth   +            (no ring)
HPRegen 0.23/turn    (no ring)
MPRegen 0.08/turn

%: no passive effects
@: beast-form
A: beast (slay +1), demonic magic 1
a: Begin Untransformation


You escaped.
You were a hulking beast.
You visited 1 branch of the dungeon, and saw 1 of its levels.

You collected 38 gold pieces.

Inventory:

Armour
 a - a +0 animal skin (worn)
Talismans
 c - a beast talisman (active)
 d - a flux talisman
Potions
 b - a potion of lignification
 e - a potion of heal wounds {unknown}
 f - a potion of curing {unknown}
 g - a potion of might {unknown}


   Skills:
 + Level 1.3 Fighting
 - Level 1.7 Dodging
 + Level 2.9 Unarmed Combat
 + Level 2.8 Shapeshifting


You had one spell level left.
You didn't know any spells.
Your spell library contained the following spells:

 Spells                   Type           Power      Damage    Failure   Level
 Ensorcelled Hibernation  Hex/Ice        0%         N/A       52%         2
 Passwall                 Tmut/Erth      0%         N/A       52%         2
 Swiftness                Air            0%         N/A       77%         3


Dungeon Overview and Level Annotations

Branches:
Dungeon (1/15)

Altars:


Innate Abilities, Weirdness & Mutations

You are a hulking beast.
Your limbs bulge with bestial killing power. (Slay +1)
Spells you cast may paralyse adjacent enemies.


Message History

No target in view!
You see here a ball python corpse.
Key pressed, stopping explore.
Found a stone staircase leading down.
A hobgoblin comes into view.
The hobgoblin shouts!
A hobgoblin is nearby!
A kobold comes into view. It is wielding a +0 short sword.
The kobold shouts!
A goblin comes into view. It is wielding a +0 club.
The hobgoblin closely misses you.
You hit the hobgoblin. Your punch misses the hobgoblin.
The hobgoblin is severely wounded.
You punch the hobgoblin!
You kill the hobgoblin!
The kobold closely misses you.
You see here a hobgoblin corpse.
You closely miss the kobold. The kobold barely misses you.
You hit the kobold.
You kill the kobold!
You closely miss the goblin. The goblin closely misses you.
You miss the goblin. The goblin closely misses you.
You hit the goblin.
You kill the goblin!
You have reached level 2!
Your demonic ancestry asserts itself...
A menacing aura infuses your magic.
g - a ruby potion
Found a chain mail.
No target in view!
No target in view!
Found a dagger.
Items here: ( )) ††.
You see here a hobgoblin corpse.
There is a stone staircase leading down here.
You see here a ball python corpse.
You enter the shallow water.
Moving in this stuff is going to be slow.
There is a staircase leading out of the dungeon here.
You have escaped!

......# #...####....##
###..###
#.#...>..##..#
#..#####.###.######.#
#..# ####.########..#
###..##
###.#.######.##
......######.#####...#
###.....####.###..####
......###∩##~~..###
####..####..~~##h#
#..##..###.####
####....#####.###
......######.#.###
#####..### ###.####
#..## ##.#### ##.#.##
##.# ###
###.....#####..# ##
..............##


There were no monsters in sight!

Vanquished Creatures
  2 ball pythons (D:1)
  A goblin (D:1)
  2 hobgoblins (D:1)
  A kobold (D:1)
6 creatures vanquished.

Notes
Turn   | Place    | Note
-------+----------+-------------------------------------------
     0 | D:1      | Essalna the Demonspawn Shapeshifter began the quest for the
                  | Orb.
     0 | D:1      | Reached XP level 1. HP: 15/15 MP: 1/1
   340 | D:1      | Gained mutation: Spells you cast may paralyse adjacent
                  | enemies. [demonic ancestry]
   340 | D:1      | Reached XP level 2. HP: 21/21 MP: 2/2
   473 | D:$      | Got out of the dungeon alive.

Illustrated notes

Levels and vault maps discovered:
D:1:      spicycebolla_green_bress_n_ham_2, layout_loops_ring

Action                     || total
---------------------------++-------
  Melee: Unarmed           ||    18
 Armour: Animal skin       ||     2
  Dodge: Dodged            ||     9

Table legend: (Time is in decaauts)
 A = Elapsed time spent in this place.
 B = Non-inter-level travel time spent in this place.
 C = Inter-level travel time spent in this place.
 D = Time resting spent in this place.
 E = Time spent auto-exploring this place.
 F = Levels seen in this place.
 G = Mean time per level.
                   A        B        C        D        E       F      G
               +--------+--------+--------+--------+--------+-----+--------+
         Total |    475 |    354 |    121 |      0 |    309 |   1 |  475.0 |
       Dungeon |    475 |    354 |    121 |      0 |    309 |   1 |  475.0 |
               +--------+--------+--------+--------+--------+-----+--------+

Top non-repeatable levels by time:
     D:1: 475 daAuts
